 Dungeon Crawl Stone Soup version 0.27-a0-1188-g73eefd5def (webtiles) character file.

Game seed: 11015515276520597050

22425 jasper the Adept (level 12, -4/89 HPs)
             Began as a Demonspawn Hedge Wizard on May 20, 2021.
             Was a Believer of Sif Muna.
             Slain by a +5 long sword (12 damage)
             ... on level 12 of the Dungeon.
             The game lasted 00:47:16 (21637 turns).

jasper the Adept (Demonspawn Hedge Wizard)         Turns: 21637, Time: 00:47:17

Health: -4/89      AC: 18    Str: 12    XL:     12   Next: 62%
Magic:  19/26      EV: 14    Int: 24    God:    Sif Muna [**....]
Gold:   785        SH:  0    Dex: 12    Spells: 11/31 levels left

rFire    + . .     SeeInvis +   I - +2 lajatang (flame)
rCold    . . .     Faith    .   (shield currently unavailable)
rNeg     + . .     Spirit   .   j - +2 robe {rN+}
rPois    .         Reflect  .   (helmet unavailable)
rElec    .         Harm     .   D - +1 cloak
rCorr    .         Rampage  .   A - +0 pair of gloves
Will     .....                  B - +2 pair of boots
Stlth    ++........             S - amulet of magic regeneration
HPRegen  0.24/turn              u - ring of the Tortoise {AC+8}
MPRegen  0.45/turn              L - ring of protection from fire

@: about to teleport
A: antennae 3, big brain 2, demonic magic 2
a: Renounce Religion, Channel Magic


You were on level 12 of the Dungeon.
You worshipped Sif Muna.
Sif Muna was pleased with you.
You visited 3 branches of the dungeon, and saw 16 of its levels.
You also visited: Sewer.

You collected 870 gold pieces.
You spent 85 gold pieces at shops.

Inventory:

Hand Weapons
 a - a +1 dagger
 v - a +1 mace of venom
 H - a +0 war axe of venom
 I - a +2 lajatang of flaming (weapon)
 J - a +2 whip of pain
 M - a +0 dagger of venom
Missiles
 h - 369 stones
 q - 53 bolts
 r - 52 sling bullets
 X - 7 curare-tipped darts
Armour
 j - a +2 robe of positive energy (worn)
 A - a +0 pair of gloves (worn)
 B - a +2 pair of boots (worn)
 C - a +0 leather armour of fire resistance
 D - a +1 cloak (worn)
 O - +0 acid dragon scales
 Z - the +1 leather armour of Rotation {rC+ rCorr Dex+6 Stlth-}
   (You found it on level 10 of the Dungeon)

   It affects your dexterity (+6).
   It protects you from cold.
   It protects you from acid and corrosion.
   It makes you less stealthy.
Magical Staves
 x - a staff of earth
 K - a staff of poison
Jewellery
 b - an amulet of reflection
 u - the ring of the Tortoise (left hand) {AC+8}
   (You found it on level 4 of the Dungeon)

   [ring of protection]

   It affects your AC (+8).
 L - a ring of protection from fire (right hand)
 S - an amulet of magic regeneration (around neck)
 V - a ring of protection from cold
 Y - an amulet of the acrobat
Wands
 e - a wand of iceblast (12)
 k - a wand of flame (44)
 p - a wand of paralysis (18)
 y - a wand of charming (8)
Scrolls
 c - a scroll of identify
 n - 7 scrolls of teleportation
 o - 2 scrolls of fear
 t - 3 scrolls of immolation
 E - 2 scrolls of torment
 F - 2 scrolls of amnesia
 N - 4 scrolls of magic mapping
 Q - a scroll of enchant armour
 R - 3 scrolls of blinking
 W - a scroll of fog
Potions
 d - 3 potions of haste
 f - 8 potions of curing
 g - 5 potions of might
 l - a potion of resistance
 m - a potion of mutation
 w - a potion of flight
 z - 3 potions of attraction
 P - 2 potions of lignification
 T - 2 potions of magic
 U - 2 potions of degeneration


   Skills:
 + Level 6.7 Fighting
 - Level 8.0 Staves
 + Level 6.5 Dodging
 - Level 1.7 Stealth
 * Level 10.2 Spellcasting
 - Level 6.0 Conjurations
 - Level 4.0 Hexes
 - Level 2.0 Summonings
 - Level 2.0 Translocations
 - Level 3.0 Fire Magic
 - Level 3.0 Air Magic
 - Level 3.0 Poison Magic
 * Level 11.5 Invocations


You had 11 spell levels left.
You knew the following spells:

 Your Spells              Type           Power      Damage    Failure   Level
a - Magic Dart            Conj           100%       1d8       1%          1
b - Call Imp              Summ           21%        N/A       3%          2
c - Blink                 Tloc           N/A        N/A       3%          2
d - Slow                  Hex            31%        N/A       1%          2
e - Conjure Flame         Conj/Fire      33%        6-21      2%          3
f - Mephitic Cloud        Conj/Pois/Air  31%        N/A       3%          3
g - Confusing Touch       Hex            31%        N/A       3%          3
h - Tukima's Dance        Hex            31%        N/A       3%          3
i - Apportation           Tloc           44%        N/A       2%          1

Your spell library contained the following spells:

 Spells                   Type           Power      Damage    Failure   Level
 Corona                   Hex            34%        N/A       1%          1
 Dazzling Flash           Conj/Hex       72%        N/A       1%          3
 Ensorcelled Hibernation  Hex/Ice        42%        N/A       3%          2
 Lesser Beckoning         Tloc           11%        N/A       7%          3
 Alistair's Intoxication  Tmut/Pois      12%        N/A       61%         5
 Invisibility             Hex            31%        N/A       83%         6


Dungeon Overview and Level Annotations

Branches:
Dungeon (13/15)            Temple (1/1) D:7            Lair (2/6) D:8
    Orc (0/2) D:9           Sewer (visited)
  Swamp: Lair:2-4    Shoals: Lair:2-4     Snake: Lair:2-4    Spider: Lair:2-4
 Vaults: D:13-14

Altars:
Ashenzari
Cheibriados
Dithmenos
Elyvilon
Fedhas
Gozag
Hepliaklqana
Kikubaaqudgha
Makhleb
Nemelex Xobeh
Okawaru
Qazlal
Ru
Sif Muna
Trog
Uskayaw
Vehumet
Wu Jian
Xom
Yredelemnul
Zin
The Shining One

Shops:
D:3 ?

Annotations:
D:10 exclusion: statue
D:11 2 runed translucent doors, robertstho's ghost, journeyman MiBe


Innate Abilities, Weirdness & Mutations

You have a pair of large antennae on your head. (SInv)
You have an extremely huge brain. (Int +4)
Spells you cast may paralyse nearby enemies.


Message History

The +5 long sword closely misses you.
You feel yourself speed up. The +5 long sword hits you.
* * * LOW HITPOINT WARNING * * *
The +5 long sword hits you.
* * * LOW HITPOINT WARNING * * *
You take 10 damage, and have 17/89 hp.
Casting: Blink (safe; 3% risk of failure)
Confirm with . or Enter, or press ? or * to list all spells.
You blink.
Malevolent energies surge around you.
You now have 21/26 mp.
Casting: Blink (safe; 3% risk of failure)
Confirm with . or Enter, or press ? or * to list all spells.
You blink.
Malevolent energies surge around you.
The +5 long sword hits your shadow imp!!
Your shadow imp dies!
You now have 19/26 mp.
Casting: Blink (safe; 3% risk of failure)
Confirm with . or Enter, or press ? or * to list all spells.
A beastly little devil appears in a puff of flame.
Malevolent energies surge around you.
You now have 18/26 mp.
Your crimson imp closely misses the +5 long sword.
Your crimson imp barely misses the +5 long sword.
You see here a +0 chain mail.
Casting: Call Imp (safe; 3% risk of failure)
Confirm with . or Enter, or press ? or * to list all spells.
Okay, then.
The +5 long sword hits you!
* * * LOW HITPOINT WARNING * * *
You take 12 damage, and have 7/89 hp.
You swap places.
Something hits your crimson imp! x2
Your crimson imp dies!
As you read the scroll of teleportation, it crumbles to dust.
You feel strangely unstable.
Casting: Call Imp (safe; 3% risk of failure)
Confirm with . or Enter, or press ? or * to list all spells.
A shadowy apparition takes form in the air.
Malevolent energies surge around you. The +5 long sword hits you!
You die...

.##### ##$$$## ####.#.....#
.# #$$$#####<#.#.###.# ##
##########.#..#.#.# #.# ####
#..#######.#.##.#.# #.# ...#
#........#.#......# #.#
...###........#.####.#####.##
).........[.[...[5.>........#
...###........#.#(###########
...###........#.@.#
....##..[.....#####
....##........#
..^.##ยง.......#
....########### ....# ....#
....# ....###


You could see a +5 long sword (ally target) and a friendly shadow imp
(summoned).

Vanquished Creatures
  2 hydras
  4 two-headed ogres
  Erica (D:11)
  3 death yaks
  A tengu warrior (D:9)
  An ugly thing (D:12)
  The ghost of leviel the Magician, a novice DjFE (D:5)
  2 cyclopes (D:11)
  4 molten gargoyles (D:10)
  3 cane toads
  2 komodo dragons
  2 trolls (D:12)
  3 blink frogs (Lair:1)
  A shadow (D:10)
  2 wraiths
  A wyvern (D:10)
  2 basilisks
  18 yaks
  2 wargs (D:9)
  An acid dragon (D:7)
  9 water moccasins
  4 orc warriors
  A sky beast (D:5)
  3 ice beasts
  12 wolves
  8 centaurs
  2 kobold brigands
  3 bullfrogs
  2 scorpions
  A wyvern skeleton (D:6)
  2 water moccasin skeletons (D:5)
  3 killer bees (D:9)
  8 wights
  A howler monkey (D:9)
  A lava snake (D:10)
  A bullfrog zombie (D:5)
  3 jellies
  2 centaur zombies
  2 centaur skeletons
  7 orc priests
  2 hounds
  Ijyb (D:4)
  An iguana (D:7)
  15 orc wizards
  A killer bee zombie (D:4)
  A hound zombie (D:5)
  2 howler monkey zombies
  3 gnolls (D:2)
  A howler monkey skeleton (D:5)
  6 adders
  3 white imps
  An ufetubus (D:5)
  A worm (D:2)
  A dart slug (D:2)
  30 orcs
  8 endoplasms
  7 giant cockroaches
  7 goblins
  6 hobgoblins
  7 quokkas
  6 ball pythons
  5 bats
  6 frilled lizards
  12 kobolds
  5 rats
269 creatures vanquished.

Vanquished Creatures (collateral kills)
  Urug (D:11)
  Psyche (D:9)
  A phantom (D:5)
  A scorpion (D:6)
  A gnoll (D:1)
  3 adders
  A river rat (D:5)
  3 orcs
  A giant cockroach (D:4)
  A quokka (D:4)
  A rat (D:3)
15 creatures vanquished.

Vanquished Creatures (others)
  A dancing weapon (D:10)
  4 fungi (Lair:1)
  14 plants
19 creatures vanquished.

Grand Total: 303 creatures vanquished

Notes
Turn   | Place    | Note
-------+----------+-------------------------------------------
     0 | D:1      | jasper the Demonspawn Hedge Wizard began the quest for the
                  | Orb.
     0 | D:1      | Reached XP level 1. HP: 13/13 MP: 4/4
   294 | D:1      | Gained mutation: You have a pair of small antennae on your
                  | head. [demonic ancestry]
   294 | D:1      | Reached XP level 2. HP: 19/19 MP: 1/6
   297 | D:1      | Learned a level 2 spell: Call Imp
   300 | D:1      | Learned a level 2 spell: Blink
   303 | D:1      | Learned a level 2 spell: Slow
   482 | D:1      | Found a faded altar of an unknown god.
  1253 | D:1      | Gained mutation: Spells you cast may paralyse adjacent
                  | enemies. [demonic ancestry]
  1253 | D:1      | Reached XP level 3. HP: 18/24 MP: 1/8
  1315 | D:1      | Learned a level 3 spell: Conjure Flame
  1869 | D:2      | Found an opulent altar of Gozag.
  2199 | D:3      | Found Mevymey's Magic Scroll Boutique.
  2218 | D:3      | Bought a scroll of teleportation for 30 gold pieces
  2218 | D:3      | Bought a scroll of identify for 20 gold pieces
  2664 | D:3      | Gained mutation: You have a pair of antennae on your head.
                  | [demonic ancestry]
  2664 | D:3      | Reached XP level 4. HP: 30/30 MP: 1/10
  3024 | D:3      | Bought a scroll of immolation for 35 gold pieces
  3069 | D:4      | Found the ring of the Tortoise {AC+8}
  3311 | D:4      | Reached skill level 5 in Spellcasting
  3379 | D:4      | Learned a level 3 spell: Mephitic Cloud
  3577 | D:4      | Reached XP level 5. HP: 35/35 MP: 5/12
  4145 | D:4      | Noticed Ijyb
  4157 | D:4      | Killed Ijyb
  4648 | D:5      | Entered Level 5 of the Dungeon
  4873 | D:5      | Found a glowing drain.
  4879 | Sewer    | Entered a sewer
  5002 | Sewer    | Reached skill level 1 in Translocations
  5029 | Sewer    | Noticed Purgy
  5196 | D:5      | Gained mutation: You have a pair of large antennae on your
                  | head. (SInv) [demonic ancestry]
  5196 | D:5      | Reached XP level 6. HP: 41/41 MP: 7/13
  5314 | D:5      | Reached skill level 1 in Hexes
  5480 | D:5      | Noticed an ice beast
  5493 | D:5      | Killed an ice beast
  5494 | D:5      | Reached skill level 1 in Fire Magic
  5494 | D:5      | Reached skill level 1 in Air Magic
  5494 | D:5      | Reached skill level 1 in Poison Magic
  5665 | D:5      | Noticed a sky beast
  5673 | D:5      | Killed a sky beast
  5674 | D:5      | Reached XP level 7. HP: 46/46 MP: 10/14
  5741 | D:5      | Found a runed translucent gate.
  5741 | D:5      | Found a runed translucent gate.
  5741 | D:5      | Found a runed translucent gate.
  5743 | D:5      | Found an opulent altar of Gozag.
  5744 | D:5      | Noticed leviel's ghost (novice DjFE)
  7117 | D:6      | Gained mutation: You have an unusually large brain. (Int
                  | +2) [demonic ancestry]
  7117 | D:6      | Reached XP level 8. HP: 35/52 MP: 11/15
  7673 | D:6      | Reached skill level 5 in Conjurations
  8107 | D:7      | Reached skill level 1 in Staves
  8399 | D:7      | Found a staircase to the Ecumenical Temple.
  8405 | Temple   | Entered the Ecumenical Temple
  9218 | D:7      | Reached skill level 5 in Staves
  9218 | D:7      | Reached XP level 9. HP: 40/57 MP: 5/16
 11225 | D:8      | Noticed a two-headed ogre
 11234 | D:8      | Killed a two-headed ogre
 11235 | D:8      | Reached skill level 1 in Fighting
 11516 | D:8      | Found a staircase to the Lair.
 11517 | D:8      | Noticed a komodo dragon
 11547 | D:8      | Killed a komodo dragon
 11839 | Temple   | Became a worshipper of Sif Muna the Loreminder
 11921 | D:9      | Gained mutation: Spells you cast may paralyse nearby
                  | enemies. [demonic ancestry]
 11921 | D:9      | Reached XP level 10. HP: 58/67 MP: 18/18
 12020 | D:9      | Reached skill level 1 in Invocations
 12054 | D:9      | Noticed a two-headed ogre
 12094 | D:9      | Killed a two-headed ogre
 12095 | D:9      | Reached skill level 3 in Invocations
 12100 | D:9      | Reached * piety under Sif Muna
 12389 | D:9      | Noticed a tengu warrior
 12406 | D:9      | Killed a tengu warrior
 12407 | D:9      | Reached skill level 4 in Invocations
 12523 | D:9      | Learned a level 3 spell: Confusing Touch
 12527 | D:9      | Learned a level 3 spell: Tukima's Dance
 12728 | D:9      | Found a staircase to the Orcish Mines.
 13307 | D:10     | Entered Level 10 of the Dungeon
 13318 | D:10     | Reached skill level 5 in Invocations
 13493 | D:10     | Noticed a molten gargoyle
 13524 | D:10     | Killed a molten gargoyle
 13810 | D:11     | Noticed Erica
 13823 | D:11     | Killed Erica
 13824 | D:11     | Reached skill level 6 in Invocations
 13902 | D:11     | Found a large runed translucent door.
 13902 | D:11     | Found a large runed translucent door.
 13904 | D:11     | Noticed robertstho's ghost (journeyman MiBe)
 13950 | D:11     | Noticed Urug
 13962 | D:11     | Killed Urug
 13963 | D:11     | Gained mutation: You have an extremely huge brain. (Int +4)
                  | [demonic ancestry]
 13963 | D:11     | Reached XP level 11. HP: 51/77 MP: 16/22
 14473 | D:11     | Reached skill level 7 in Invocations
 14832 | D:5      | Killed leviel's ghost
 14988 | Lair:1   | Entered Level 1 of the Lair of Beasts
 15308 | Lair:1   | Reached ** piety under Sif Muna
 15309 | Lair:1   | Reached skill level 5 in Dodging
 15309 | Lair:1   | Reached skill level 8 in Invocations
 15353 | Lair:1   | Reached skill level 5 in Fighting
 15718 | Lair:1   | Identified the +4 arbalest of Teab {freeze, Dex+2}
 15938 | Lair:1   | Noticed a six-headed hydra
 15962 | Lair:1   | Killed a five-headed hydra
 16277 | Lair:1   | Reached skill level 9 in Invocations
 17130 | Lair:1   | Reached XP level 12. HP: 68/87 MP: 23/25
 17521 | Lair:2   | Noticed a death yak
 17521 | Lair:2   | Noticed a death yak
 17521 | Lair:2   | Noticed a death yak
 17534 | Lair:2   | Noticed a death yak
 17534 | Lair:2   | Noticed a death yak
 17542 | Lair:2   | Killed a death yak
 17542 | Lair:2   | Killed a death yak
 17543 | Lair:2   | Reached skill level 10 in Invocations
 17590 | Lair:2   | HP: 1/88 [death yak (20)]
 17982 | Lair:1   | Killed a death yak
 18625 | D:9      | Noticed Psyche
 18634 | D:9      | Killed Psyche
 19502 | D:10     | Found a radiant altar of Vehumet.
 19632 | D:10     | Noticed a two-headed ogre
 19648 | D:10     | Killed a two-headed ogre
 20087 | D:10     | Identified the +1 leather armour of Rotation {rC+ rCorr
                  | Dex+6 Stlth-}
 20169 | D:10     | Identified the +3 ring mail of Old and Reckless {-Cast Harm
                  | Str+5 Dex+4}
 20383 | D:12     | Noticed a four-headed hydra
 20402 | D:12     | Killed a one-headed hydra
 20403 | D:12     | Reached skill level 11 in Invocations
 20738 | D:12     | Reached skill level 10 in Spellcasting
 21116 | D:12     | Noticed a two-headed ogre
 21127 | D:12     | Killed a two-headed ogre
 21312 | D:12     | Learned a level 1 spell: Apportation
 21637 | D:12     | Slain by a +5 long sword

Illustrated notes

Levels and vault maps discovered:
D:1:      dpeg_arrival_long_road, layout_rooms, basic_ecumenical_altar,
          minmay_misc_feat_iff
D:2:      layout_loops_corners, kennysheep_flooded_box
D:3:      layout_loops_ring, serial_shops, shop
D:4:      layout_layer_cave, chequers_jeans, roderic_three_in_a_row, uniq_ijyb
D:5:      layout_loops_ring, gup_sewer_entry_bubbles, ebering_ghost_gozag,
          roderic_serpentine_path, item_on_display_a
D:6:      layout_loops_ring, lightli_minifort
D:7:      layout_basic, minmay_temple_entry_gardened_gates,
          kennysheep_generic_room_13
D:8:      layout_basic, david_lair_shrubbed
D:9:      layout_loops_ring, erik_orc_4, nicolae_wwwww, uniq_psyche
D:10:     layout_grid_maze, vehumet_statue, minivault_8
D:11:     layout_irregular_city, ebering_ghost_disaster_area, uniq_erica,
          uniq_urug
D:12:     layout_basic, zin_treasury
D:13:     layout_basic, erik_vaults_1, enter_bailey_4,
          hangedman_decor_diamond_cutter, uniq_rupert
Temple:   roderic_octagonal_lattice_temple
Lair:1:   layout_loops_ring, beast_lair_carwin_5, grunt_megastairs_2
Lair:2:   layout_cave_pods, minmay_shoals_entry_lonely_mermaid, serial_rivers,
          chequers_serial_rivers_micro_d, chequers_serial_rivers_micro_a,
          chequers_serial_rivers_large_a, chequers_serial_rivers_small_a,
          chequers_serial_rivers_micro_a, chequers_serial_rivers_small_b,
          beast_lair_carwin_4, grunt_megastairs_5, lemuel_fruit_tree

Skill      XL: |  1  2  3  4  5  6  7  8  9 10 11 12 |
---------------+-------------------------------------+-----
Spellcasting   | 4 5 7 9 10 | 10.2
Conjurations   | 2 3 6 |  6.0
Summonings     | 2 |  2.0
Translocations | 2 |  2.0
Hexes          | 2 3 4 |  4.0
Fire Magic     | 1 3 |  3.0
Air Magic      | 1 3 |  3.0
Poison Magic   | 1 3 |  3.0
Staves         | 5 8 |  8.0
Fighting       | 2 4 5 6 |  6.7
Dodging        | 2 4 5 6 |  6.5
Invocations    | 6 9 11 | 11.5
Stealth        | |  1.7

Action                   |  1- 3 |  4- 6 |  7- 9 | 10-12 || total
-------------------------+-------+-------+-------+-------++-------
Melee: Dagger            |    15 |    63 |    46 |       ||   124
       War axe           |       |       |    31 |       ||    31
       Lajatang          |       |       |    53 |   312 ||   365
 Cast: Magic Dart        |   110 |   119 |   236 |   397 ||   862
       Call Imp          |     7 |     9 |     7 |    15 ||    38
       Conjure Flame     |       |     2 |     4 |     7 ||    13
       Mephitic Cloud    |       |       |     6 |     8 ||    14
       Tukima's Dance    |       |       |       |    20 ||    20
       Confusing Touch   |       |       |       |     1 ||     1
       Blink             |       |       |       |     7 ||     7
       Slow              |       |       |       |     1 ||     1
Evoke: Wand              |       |     5 |     7 |     6 ||    18
  Use: Scroll            |     4 |     2 |    14 |     7 ||    27
       Potion            |       |       |       |     3 ||     3
 Stab: Paralysed         |     1 |    24 |    48 |   103 ||   176
       Sleeping          |       |     1 |       |     1 ||     2
       Confused          |       |       |     4 |     2 ||     6
Armor: Robe              |    17 |    30 |    71 |   213 ||   331
Dodge: Dodged            |    19 |    25 |    83 |   261 ||   388

Table legend: (Time is in decaauts)
 A = Elapsed time spent in this place.
 B = Non-inter-level travel time spent in this place.
 C = Inter-level travel time spent in this place.
 D = Time resting spent in this place.
 E = Time spent auto-exploring this place.
 F = Levels seen in this place.
 G = Mean time per level.
                   A        B        C        D        E       F      G
               +--------+--------+--------+--------+--------+-----+--------+
         Total |  21756 |  20453 |   1303 |   2922 |  14656 |  17 | 1279.8 |
       Dungeon |  17885 |  16679 |   1206 |   2034 |  12364 |  13 | 1375.8 |
        Temple |    346 |    278 |     68 |      0 |    275 |   1 |  346.0 |
          Lair |   3325 |   3297 |     28 |    888 |   1865 |   2 | 1662.5 |
         Sewer |    199 |    199 |      0 |      0 |    152 |   1 |  199.0 |
               +--------+--------+--------+--------+--------+-----+--------+

Top non-repeatable levels by time:
  Lair:1: 2293 daAuts
     D:5: 1944 daAuts
    D:10: 1923 daAuts
     D:7: 1694 daAuts
     D:9: 1657 daAuts
     D:4: 1620 daAuts
     D:8: 1573 daAuts
     D:6: 1540 daAuts
     D:1: 1402 daAuts
    D:12: 1239 daAuts
     D:3: 1138 daAuts
     D:2: 1119 daAuts
  Lair:2: 1031 daAuts
    D:11: 984 daAuts
  Temple: 346 daAuts
